 Dungeon Crawl Stone Soup version 0.27-a0-637-g3a9f0a9c12 (webtiles) character file.

Game seed: 10025169973677897242

47582 zzzxxxcccvvv the Cleaver (level 14, -11/125 HPs)
             Began as a Minotaur Fighter on Mar 14, 2021.
             Was the Champion of Fedhas.
             Mangled by an ettin
             ... wielding a +0 dire flail
              (22 damage)
             ... on level 1 of the Depths.
             The game lasted 02:58:15 (27576 turns).

zzzxxxcccvvv the Cleaver (Minotaur Fighter)        Turns: 27576, Time: 02:58:17

Health: -11/125    AC: 20    Str: 32    XL:     14   Next: 9%
Magic:  13/13      EV: 17    Int:  1    God:    Fedhas [******]
Gold:   118        SH:  0    Dex: 23    Spells: 11/13 levels left

rFire    + . .     SeeInvis .   b - +8 morningstar "Hydraslayer" {drain, Str+4 Int-4}
rCold    . . .     Faith    .   c - +1 kite shield {AC+3}
rNeg     . . .     Spirit   .   O - +3 scale mail {rF+}
rPois    .         Reflect  .   (helmet restricted)
rElec    .         Harm     .   (no cloak)
rCorr    .         Rampage  .   G - +2 pair of gloves {Dex+3}
Will     +....                  t - +0 pair of boots
Stlth    ..........             r - amulet of regeneration
HPRegen  1.30/turn              e - +6 ring of strength
MPRegen  0.13/turn              B - +6 ring of dexterity

@: confused, afraid
A: horns 2, retaliatory headbutt
a: Renounce Religion, Wall of Briars, Grow Ballistomycete, Overgrow, Grow Oklob


You were on level 1 of the Depths.
You worshipped Fedhas.
Fedhas was exalted by your worship.
You visited 2 branches of the dungeon, and saw 16 of its levels.

You collected 1119 gold pieces.
You spent 1001 gold pieces at shops.

Inventory:

Hand Weapons
 b - the +8 morningstar "Hydraslayer" (weapon) {drain, Str+4 Int-4}
   (You took it off Nessos on level 13 of the Dungeon)

   A truly terrible weapon, it drains the life of those it strikes.
   It affects your strength (+4).
   It affects your intelligence (-4).
Missiles
 a - a curare-tipped dart
 n - 16 boomerangs (quivered)
 u - 6 atropa-tipped darts
 y - 34 poisoned darts
Armour
 c - a +1 kite shield of protection (worn)
 t - a +0 pair of boots (worn)
 G - a +2 pair of gloves of dexterity (worn)
 O - a +3 scale mail of fire resistance (worn)
Jewellery
 e - a +6 ring of strength (right hand)
 r - an amulet of regeneration (around neck)
 B - a +6 ring of dexterity (left hand)
 C - a +4 ring of protection
 F - a ring of resist corrosion
 H - an amulet of guardian spirit
 J - an amulet of magic regeneration
 Q - a +4 ring of slaying
 R - a ring of resist corrosion
Wands
 l - a wand of mindburst (6)
 m - a wand of flame (28)
 o - a wand of acid (8)
 p - a wand of random effects (19)
 A - a wand of digging (4)
 P - a wand of charming (17)
Scrolls
 f - 7 scrolls of identify
 g - 5 scrolls of teleportation
 j - 3 scrolls of immolation
 q - 3 scrolls of magic mapping
 w - 2 scrolls of fear
 E - a scroll of blinking
 L - a scroll of noise {unknown}
 U - 2 scrolls of enchant weapon
 X - 2 scrolls of amnesia {unknown}
 Z - a scroll of enchant armour {unknown}
Potions
 h - 8 potions of curing
 s - 7 potions of lignification
 v - 5 potions of ambrosia
 x - 2 potions of cancellation
 z - 3 potions of mutation {unknown}
 D - a potion of haste
 S - 2 potions of flight {unknown}


   Skills:
 * Level 11.7 Fighting
 - Level 14.7(15.8) Axes
 * Level 10.4(13.8) Maces & Flails
 + Level 2.3 Slings
 * Level 12.6 Armour
 * Level 8.9 Dodging
 * Level 12.8 Shields
 + Level 0.5 Conjurations
 + Level 0.4 Air Magic
 + Level 0.2 Invocations
 + Level 1.0 Evocations


You had 11 spell levels left.
You knew the following spells:

 Your Spells              Type           Power      Damage    Failure   Level
a - Apportation           Tloc           0%         N/A       83%         1
b - Shock                 Conj/Air       0%         1d3       78%         1

Your spell library contained the following spells:

 Spells                   Type           Power      Damage    Failure   Level
 Corona                   Hex            0%         N/A       83%         1
 Swiftness                Air            0%         N/A       90%         2
 Corpse Rot               Necr/Air       N/A        N/A       91%         2
 Poisonous Vapours        Pois/Air       0%         N/A       91%         2
 Ensorcelled Hibernation  Hex/Ice        0%         N/A       93%         2
 Sublimation of Blood     Necr           0%         N/A       93%         2
 Static Discharge         Conj/Air       0%         N/A       98%         3
 Confusing Touch          Hex            0%         N/A       99%         3
 Conjure Flame            Conj/Fire      0%         6-21      99%         3
 Dazzling Flash           Conj/Hex       0%         N/A       99%         3
 Lesser Beckoning         Tloc           0%         N/A       99%         3
 Mephitic Cloud           Conj/Pois/Air  0%         N/A       99%         3
 Tukima's Dance           Hex            0%         N/A       99%         3
 Airstrike                Air            0%         N/A       100%        4
 Dispel Undead            Necr           0%         3d6       100%        4
 Agony                    Necr           0%         N/A       100%        5
 Alistair's Intoxication  Tmut/Pois      0%         N/A       100%        5
 Excruciating Wounds      Necr           0%         N/A       100%        5
 Lightning Bolt           Conj/Air       0%         1d11      100%        5
 Freezing Cloud           Conj/Ice/Air   0%         6-21      100%        6
 Invisibility             Hex            0%         N/A       100%        6


Dungeon Overview and Level Annotations

Branches:
Dungeon (15/15)            Temple (0/1) D:6            Lair (0/6) D:10
 Vaults (0/5) D:14         Depths (1/5) D:15
    Orc: D:9-12

Altars:
Cheibriados
Dithmenos
Elyvilon
Fedhas
Gozag
Hepliaklqana
Kikubaaqudgha
Makhleb
Nemelex Xobeh
Okawaru
Ru
Vehumet
Xom
Yredelemnul
The Shining One

Shops:
D:5 *   D:15 =((=:

Annotations:
D:3 1 runed translucent door, Crazy Yiuf


Innate Abilities, Weirdness & Mutations

You have a pair of horns on your head.
You reflexively headbutt those who attack you in melee.


Message History

You impale the flayed ghost!! Your headbutt misses the flayed ghost.
The flayed ghost is almost destroyed.
The flayed ghost stares at you with tortured malice.
Aiming: Throw Flame
Press: ? - help, Shift-Dir - straight line, f - flayed ghost
Aim: a flayed ghost (almost destroyed, 48% to evade)
The puff of flame hits the flayed ghost!
The flayed ghost is almost destroyed.
An ettin comes into view. It is wielding two +0 dire flails.
You block the flayed ghost's attack.
You barely miss the flayed ghost.
The ettin shouts in stereo!
You headbutt the flayed ghost.
You destroy the flayed ghost!
Fedhas accepts your kill.
You hear two shouts!
A glowing orange brain comes into view.
Aiming: Throw Flame
Press: ? - help, Shift-Dir - straight line, f - ettin
Aim: an ettin, wielding a +0 dire flail and a +0 great mace (7% to evade)
The puff of flame hits the ettin.
The ettin is lightly wounded.
The glowing orange brain turns its attention towards you.
The glowing orange brain pulsates.
The glowing orange brain radiates an aura of fear!
You are terrified of the glowing orange brain!
The glowing orange brain pulsates.
You are confused.
You impale the ettin!! You headbutt the ettin.
The ettin is heavily wounded.
The ettin closely misses you.
The ettin hits you with a +0 great mace!!
* * * LOW HITPOINT WARNING * * *
You hit the ettin but do no damage. You headbutt the ettin!
The ettin is almost dead.
A two-headed ogre comes into view.
It is wielding a +0 giant spiked club and a +0 giant club.
The ettin misses you.
The ettin hits you with a +0 great mace!!
You die...
Fedhas appreciates your contribution to the ecosystem.

... ...
..#......#
...
O........#
###
#...G...#
#......#
#...[..#
#..C...#
#...C..#
#....@.#
#......#
#......#
#.$....#
#......#
#.######
#. #


You could see 2 ettins, a glowing orange brain (scary) and a two-headed ogre.

Vanquished Creatures
  Nessos (D:13)
  A great orb of eyes (Depths:1)
  Harold (D:10)
  A rakshasa (Depths:1)
  2 boulder beetles
  A vault guard (D:14)
  2 centaur warriors
  A catoblepas (D:15)
  5 two-headed ogres
  4 tengu warriors
  A deep elf knight (D:15)
  A deep troll (D:15)
  A flayed ghost (Depths:1)
  3 unseen horrors (D:15)
  Pikel (D:5)
  A deep elf pyromancer (D:14)
  A deep elf archer (D:15)
  2 wolf spider zombies
  A necromancer (D:14)
  A manticore (D:15)
  10 ugly things
  6 cyclopes
  2 centaur zombies
  Maurice (D:10)
  A gargoyle (D:13)
  7 kobold demonologists (D:15)
  An efreet (D:15)
  2 ice devils (D:12)
  A yaktaur (D:14)
  2 freezing wraiths (D:15)
  2 tengu conjurers
  2 red devils (D:12)
  4 trolls
  Sigmund (D:5)
  9 yaks
  A shadow (D:13)
  3 vampires
  21 humans (D:14)
  2 wraiths
  A basilisk (D:15)
  Grum (D:9)
  8 vampire mosquitoes
  An acid dragon (D:14)
  3 soldier ants
  7 orc warriors
  4 ice beasts
  4 sky beasts
  4 necrophages
  6 ogres
  A black bear (D:10)
  4 wolves (D:9)
  22 centaurs
  4 phantoms
  10 bullfrogs
  3 kobold brigands (D:15)
  A wyvern zombie (D:14)
  4 scorpions
  2 wyvern skeletons (D:12)
  17 wights
  2 howler monkeys
  A crimson imp (D:9)
  A bullfrog zombie (D:11)
  9 orc priests
  3 bullfrog skeletons
  7 centaur skeletons
  7 hounds
  3 jellies
  Ijyb (D:5)
  Jessica (D:2)
  4 iguanas
  14 orc wizards
  9 worker ants
  A hound skeleton (D:6)
  A mummy (D:7)
  Robin (D:2)
  A howler monkey zombie (D:6)
  A worker ant zombie (D:11)
  14 adders
  A white imp (D:5)
  2 ufetubi
  An ooze (D:4)
  3 adder skeletons
  3 dart slugs
  7 leopard geckos
  42 orcs
  8 giant cockroaches
  19 goblins
  11 hobgoblins
  33 jackals
  16 kobolds
  4 quokkas
  6 bats
  7 frilled lizards
  A jackal zombie (D:6)
  11 rats
473 creatures vanquished.

Vanquished Creatures (collateral kills)
  A lemure (D:5)
  2 orcs (D:5)
3 creatures vanquished.

Vanquished Creatures (others)
  An ettin (Depths:1)
  A deep troll (Depths:1)
  24 bushes (Depths:1)
  12 plants (D:10)
38 creatures vanquished.

Grand Total: 514 creatures vanquished

Notes
Turn   | Place    | Note
-------+----------+-------------------------------------------
     0 | D:1      | zzzxxxcccvvv the Minotaur Fighter began the quest for the
                  | Orb.
     0 | D:1      | Reached XP level 1. HP: 19/19 MP: 0/0
    68 | D:1      | Reached XP level 2. HP: 17/27 MP: 1/1
   687 | D:1      | Reached skill level 3 in Axes
   698 | D:1      | Reached XP level 3. HP: 30/33 MP: 2/2
  1296 | D:2      | Noticed Jessica
  1304 | D:2      | Killed Jessica
  1305 | D:2      | Reached skill level 1 in Dodging
  1311 | D:2      | Reached XP level 4. HP: 41/41 MP: 3/3
  1392 | D:2      | Found a blossoming altar of Fedhas.
  1400 | D:2      | Became a worshipper of Fedhas Madash
  1462 | D:2      | Found a radiant altar of Vehumet.
  1467 | D:2      | Noticed Robin
  1488 | D:2      | Killed Robin
  1499 | D:2      | Reached * piety under Fedhas
  1773 | D:2      | Reached XP level 5. HP: 44/47 MP: 2/4
  1841 | D:2      | Reached skill level 4 in Axes
  2534 | D:3      | Noticed an ogre
  2548 | D:3      | Killed an ogre
  2549 | D:3      | Reached XP level 6. HP: 36/53 MP: 5/5
  2687 | D:3      | Reached ** piety under Fedhas
  2720 | D:3      | Reached skill level 5 in Shields
  2787 | D:3      | Reached skill level 5 in Armour
  3022 | D:3      | Found an iron altar of Okawaru.
  3022 | D:3      | Found an ancient bone altar of Kikubaaqudgha.
  3025 | D:3      | Found a white marble altar of Elyvilon.
  3026 | D:3      | Found a shadowy altar of Dithmenos.
  3030 | D:3      | Found a basalt altar of Yredelemnul.
  3058 | D:3      | Found a runed translucent door.
  3059 | D:3      | Noticed Crazy Yiuf
  3403 | D:4      | Reached skill level 5 in Axes
  3494 | D:4      | Reached XP level 7. HP: 52/60 MP: 6/6
  3540 | D:4      | Reached skill level 5 in Fighting
  3728 | D:4      | Found a glowing golden altar of the Shining One.
  3782 | D:4      | Found a sacrificial altar of Ru.
  4048 | D:5      | Entered Level 5 of the Dungeon
  4154 | D:5      | Found Yseacozisch's Elemental Accessories.
  4184 | D:5      | Reached skill level 6 in Axes
  4187 | D:5      | Bought a wand of flame (24) for 182 gold pieces
  4275 | D:5      | HP: 1/61 [lemure[Pikel] (4)]
  4631 | D:5      | Noticed Pikel
  4645 | D:5      | Killed Pikel
  4646 | D:5      | Reached skill level 7 in Axes
  4646 | D:5      | Reached XP level 8. HP: 43/70 MP: 7/7
  5880 | D:5      | Noticed Ijyb
  5894 | D:5      | Killed Ijyb
  5933 | D:5      | Reached *** piety under Fedhas
  6035 | D:5      | Noticed Sigmund
  6052 | D:5      | Killed Sigmund
  6053 | D:5      | Reached skill level 8 in Axes
  6053 | D:5      | Reached skill level 1 in Evocations
  7673 | D:6      | Found a staircase to the Ecumenical Temple.
  8185 | D:7      | Reached XP level 9. HP: 75/75 MP: 8/8
  9694 | D:7      | Found a snail-covered altar of Cheibriados.
  9918 | D:7      | Found a sparkling altar of Nemelex Xobeh.
 10488 | D:8      | Reached skill level 9 in Axes
 10488 | D:8      | Reached skill level 1 in Slings
 10986 | D:8      | Found a hazy altar of Hepliaklqana.
 12313 | D:9      | Noticed Grum
 12333 | D:9      | Killed Grum
 12909 | D:9      | Noticed a two-headed ogre
 12919 | D:9      | Killed a two-headed ogre
 12920 | D:9      | Reached skill level 5 in Dodging
 12920 | D:9      | Reached XP level 10. HP: 71/86 MP: 9/9
 14060 | D:9      | Reached skill level 10 in Axes
 14289 | D:9      | Reached **** piety under Fedhas
 15244 | D:9      | Found a shimmering altar of Xom.
 15250 | D:9      | Found a burning altar of Makhleb.
 15317 | D:10     | Entered Level 10 of the Dungeon
 15317 | D:10     | Noticed Harold
 15462 | D:10     | Noticed an oklob plant
 15463 | D:10     | Noticed an oklob plant
 15465 | D:10     | Found a staircase to the Lair.
 15478 | D:10     | Reached skill level 10 in Armour
 15482 | D:10     | Found the +5 robe of Misfortune {*Contam Harm *Corrode
                  | *Drain *Slow EV+5}
 15778 | D:10     | Killed Harold
 15779 | D:10     | Reached skill level 11 in Axes
 16066 | D:10     | Noticed a boulder beetle
 16117 | D:10     | Killed a boulder beetle
 16212 | D:10     | Reached ***** piety under Fedhas
 16213 | D:10     | Reached XP level 11. HP: 95/95 MP: 10/10
 16632 | D:10     | Noticed Maurice
 16842 | D:10     | Killed Maurice
 17442 | D:11     | Reached skill level 12 in Axes
 17488 | D:11     | Identified the +3 leather armour of the Furrier {rPois}
 19684 | D:12     | Noticed a boulder beetle
 19717 | D:12     | Killed a boulder beetle
 19816 | D:12     | Reached skill level 13 in Axes
 19886 | D:12     | Found an ancient bone altar of Kikubaaqudgha.
 20385 | D:13     | Noticed Nessos
 20775 | D:13     | Identified the +8 morningstar "Hydraslayer" {drain, Str+4
                  | Int-4}
 21366 | D:13     | Reached ****** piety under Fedhas
 21367 | D:13     | Reached XP level 12. HP: 106/106 MP: 11/11
 21375 | D:13     | Noticed a centaur warrior
 21385 | D:13     | Killed a centaur warrior
 21386 | D:13     | Reached skill level 10 in Shields
 21459 | D:13     | Noticed a two-headed ogre
 21468 | D:13     | Killed a two-headed ogre
 21469 | D:13     | Reached skill level 14 in Axes
 21880 | D:13     | Killed Nessos
 21881 | D:13     | Reached skill level 10 in Fighting
 22124 | D:14     | Noticed a tengu warrior
 22133 | D:14     | Killed a tengu warrior
 22317 | D:14     | Reached skill level 1 in Maces & Flails
 23801 | D:14     | Reached skill level 5 in Maces & Flails
 23869 | D:14     | Found a gate to the Vaults.
 23869 | D:14     | Noticed a vault guard
 23878 | D:14     | Killed a vault guard
 24175 | D:15     | Entered Level 15 of the Dungeon
 24202 | D:15     | Reached XP level 13. HP: 106/114 MP: 12/12
 24276 | D:15     | Identified the +3 rapier "Cusio" {vorpal, rC+ Int+5}
 24523 | D:15     | Found Wifuoboj's Jewellery Boutique.
 24524 | D:15     | Found an opulent altar of Gozag.
 24534 | D:15     | Found Quttets's Book Shop.
 24554 | D:15     | Learned a level 1 spell: Apportation
 26237 | D:15     | Found Aleliuv's Jewellery Boutique.
 26643 | D:15     | Bought a +6 ring of strength for 819 gold pieces
 26654 | D:15     | Learned a level 1 spell: Shock
 26684 | D:15     | Reached skill level 10 in Maces & Flails
 27091 | D:15     | Found Doek's Weapon Shoppe.
 27111 | D:15     | Found a staircase to the Depths.
 27214 | D:15     | Found Oriocwo's Weapon Shop.
 27336 | Depths:1 | Entered Level 1 of the Depths
 27347 | Depths:1 | Reached XP level 14. HP: 95/125 MP: 13/13
 27545 | Depths:1 | Noticed a fire giant
 27576 | Depths:1 | Mangled by an ettin

Illustrated notes

Levels and vault maps discovered:
D:1:      heliophobic_arrival_glass_houses, layout_basic, minmay_nonomino_d4
D:2:      layout_basic, nicolae_vehumet_radiance, fedhas_altar_fruit_tree,
          uniq_jessica, uniq_robin
D:3:      layout_loops_ring, minitemple, uniq_crazy_yiuf_cottage
D:4:      layout_gridville, nicolae_ru_the_path_less_chosen, tso_metal_star
D:5:      layout_cave_pools, gup_sewer_entry_glass, grunt_decor_fettered,
          nicolae_elemental_shop, uniq_sigmund, uniq_ijyb, uniq_pikel
D:6:      layout_basic, minmay_temple_entry_antechambers
D:7:      layout_rooms, lemuel_doored_altar, slow_altar_2, grunt_ministairs_5
D:8:      layout_loops_ring, nzn_hepliaklqana_mist_gate
D:9:      layout_long_grid, grunt_temple_overflow_champion_of_chaos, uniq_grum
D:10:     layout_basic, dpeg_oklobed_lair, nzn_sisyphean_effort, uniq_harold,
          uniq_maurice
D:11:     layout_gridville, erik_orc_2
D:12:     layout_basic, portal_ice_cave_demonic_guard, lemuel_hellish_altar
D:13:     layout_cave_pools, uniq_nessos
D:14:     layout_layer_cave, grunt_vaults_entry_tiered, dk_noncrumbling_4
D:15:     hangedman_depths_entry_civil_slaughter, layout_irregular_city,
          serial_shops, nicolae_shop_behind_doors, nicolae_shop_statue_plus,
          shop, nicolae_shop_behind_doors, shop, basic_altar,
          hangedman_abyss_or_decor_stabs, minmay_quadrilaterals
Depths:1: grunt_double_whammy, layout_gridlike, chequers_serial_rivers_micro_e,
          abyss_entry_small_statue_room, grunt_hell_entry_dis_grunt,
          chequers_serial_rivers_micro_c, minmay_misc_feat_tiny,
          minmay_hedge_maze, tgw_xom

Skill      XL: |  1  2  3  4  5  6  7  8  9 10 11 12 13 |
---------------+----------------------------------------+-----
Fighting       | 4 5 6 7 8 9 10 11 | 11.7
Axes           | 3 4 5 7 8 9 11 13 14 | 14.7
Armour         | 4 5 7 8 9 10 11 12 | 12.6
Dodging        | 1 2 3 4 5 6 7 8 |  8.9
Shields        | 4 5 6 7 8 9 11 12 | 12.8
Evocations     | 1 |  1.0
Slings         | 2 |  2.3
Maces & Flails | 6 10 | 10.4
Conjurations   | |  0.5
Air Magic      | |  0.4
Invocations    | |  0.2

Action                   |  1- 3 |  4- 6 |  7- 9 | 10-12 | 13-15 || total
-------------------------+-------+-------+-------+-------+-------++-------
Melee: War axe           |    98 |   229 |   238 |   571 |       ||  1136
       Headbutt          |    10 |    30 |    55 |   224 |    89 ||   408
       Morningstar       |       |       |       |   152 |   255 ||   407
 Fire: Hunting sling     |       |       |    14 |       |       ||    14
Throw: Boomerang         |       |       |       |       |     4 ||     4
       Stone             |       |       |       |       |     2 ||     2
 Cast: Shock             |       |       |       |       |     5 ||     5
Invok: Wall of Briars    |       |       |     1 |       |     1 ||     2
Evoke: Wand              |       |     3 |    13 |     3 |     2 ||    21
  Use: Scroll            |       |       |     1 |    13 |     5 ||    19
       Potion            |       |       |     1 |     1 |     3 ||     5
 Stab: Distracted        |       |       |       |     1 |       ||     1
       Invisible         |       |       |       |       |     1 ||     1
Armor: Scale mail        |    48 |   136 |    86 |   190 |   120 ||   580
       Plate armour      |       |       |       |    74 |       ||    74
Dodge: Dodged            |    44 |   131 |   103 |   301 |   134 ||   713
Block: Kite shield       |    68 |   187 |   148 |   413 |   226 ||  1042

Table legend: (Time is in decaauts)
 A = Elapsed time spent in this place.
 B = Non-inter-level travel time spent in this place.
 C = Inter-level travel time spent in this place.
 D = Time resting spent in this place.
 E = Time spent auto-exploring this place.
 F = Levels seen in this place.
 G = Mean time per level.
                   A        B        C        D        E       F      G
               +--------+--------+--------+--------+--------+-----+--------+
         Total |  27841 |  26954 |    887 |  12505 |   7150 |  16 | 1740.1 |
       Dungeon |  27602 |  26715 |    887 |  12398 |   7093 |  15 | 1840.1 |
        Depths |    239 |    239 |      0 |    107 |     57 |   1 |  239.0 |
               +--------+--------+--------+--------+--------+-----+--------+

Top non-repeatable levels by time:
     D:9: 3361 daAuts
    D:15: 2955 daAuts
    D:14: 2253 daAuts
    D:11: 2141 daAuts
     D:5: 2032 daAuts
    D:10: 2011 daAuts
     D:7: 1962 daAuts
     D:6: 1949 daAuts
     D:8: 1884 daAuts
    D:13: 1484 daAuts
     D:1: 1271 daAuts
     D:3: 1156 daAuts
    D:12: 1152 daAuts
     D:4: 1019 daAuts
     D:2: 968 daAuts
